 Dungeon Crawl Stone Soup version 0.19-a0-1899-g2d93087 (webtiles) character file.

1445 Amnesiac the Grappler (level 8, -6/120 HPs)
             Began as a Troll Berserker on Oct 19, 2016.
             Was a Believer of Trog.
             Killed by divine providence
             ... invoked by an orc priest
              (11 damage)
             ... on level 8 of the Dungeon.
             The game lasted 00:03:26 (1785 turns).

Amnesiac the Grappler (Troll Berserker)             Turns: 1785, Time: 00:03:26

Health: -6/120     AC:  5    Str: 31    XL:     8   Next: 46%
Magic:  7/7        EV: 11    Int:  3    God:    Trog [**....]
Gold:   175        SH:  0    Dex: 11    Spells: 0 memorised, 7 levels left

rFire  . . .     SeeInvis +       - Unarmed
rCold  . . .     Gourm    +     g - +0 robe (curse)
rNeg   . . .     Faith    .     (no shield)
rPois  .         Spirit   .     (helmet restricted)
rElec  .         Reflect  .     (no cloak)
rCorr  .         Harm     .     (gloves unavailable)
MR     .....                    (boots unavailable)
Stlth  ..........               (no amulet)
                                (no ring)
                                k - ring of see invisible

@: berserking, lethally poisoned (-6 -> -23), very quick
A: unfitting armour, claws 3, fast metabolism 3, gourmand, regeneration 1,
shaggy fur 1, tough skin 2
a: Berserk, Trog's Hand, Burn Spellbooks, Renounce Religion


You were on level 8 of the Dungeon.
You worshipped Trog.
Trog was pleased with you.
You were full.

You visited 1 branch of the dungeon, and saw 9 of its levels.

You collected 175 gold pieces.

Inventory:

Armour
 g - a cursed +0 robe (worn)
Jewellery
 f - an uncursed ring of ice
 k - a ring of see invisible (left claw)
Wands
 l - a wand of flame (31/48)
 m - a wand of slowing (16/48)
Scrolls
 c - 6 scrolls of identify {unknown}
 e - 2 scrolls of enchant weapon {unknown}
 h - a scroll of teleportation {unknown}
 n - a scroll of recharging {unknown}
Potions
 d - 2 potions of curing {unknown}
 i - 2 potions of lignification {unknown}
 j - 2 potions of degeneration {unknown}
 o - a potion of heal wounds {unknown}
 p - a potion of flight {unknown}
Comestibles
 a - 2 fruits
 b - 3 bread rations


   Skills:
 + Level 5.0 Fighting
 + Level 4.9 Dodging
 * Level 8.0 Unarmed Combat


You had 7 spell levels left.
You didn't know any spells.

Dungeon Overview and Level Annotations

Branches:
Dungeon (9/15)             Temple (0/1) D:6
   Lair: D:8-11         Orc: D:9-12

Altars:
Ashenzari
Cheibriados
Gozag
Hepliaklqana
Qazlal
Vehumet


Innate Abilities, Weirdness & Mutations

You are too large for most types of armour.
You have claws for hands.
Your metabolism is lightning-fast.
You like to eat raw meat.
Your natural rate of healing is unusually fast.
You are covered in fur. (AC +1)
You have very tough skin. (AC +2)


Message History

* * * LOW HITPOINT WARNING * * *
You are more poisoned.
The killer bee poisons you!
You completely miss the killer bee.
You feel sick. The orc priest hits you with a club.
* * * LOW HITPOINT WARNING * * *
The killer bee stings you.
* * * LOW HITPOINT WARNING * * *
You are lethally poisoned!
The killer bee poisons you!
You claw the orc priest!
The orc priest is heavily wounded.
* * * LOW HITPOINT WARNING * * *
You feel sick. The killer bee stings you.
* * * LOW HITPOINT WARNING * * *
You are more poisoned.
The killer bee poisons you!
The orc priest calls down the wrath of Beogh upon you.
Beogh smites you!
You die...

...#...........#...#.........#...
....####.......#####...#.#.....##
#.....#.........#......<.....#.##
#.....#⌠.##'##.⌠#...#...##.....##
#####.##.#...####...#.........###
#....#...#.....###.........##
###..#...#...#.# ##.#..##....
##.#####...#.# #...........
#........@o.# #...#.#####.
###.....#y#####...#.# #.
#...#.#.##.##...### ##
#...#.####.###### #####.####.#
#......# ####### ######.# ......#
#.# ......###### #.#


You could see a killer bee and an orc priest.

Vanquished Creatures
  The ghost of p0werm0de the Carver, a novice HECK of Xom (D:8)
  An orc warrior (D:8)
  A black bear (D:6)
  A centaur (D:8)
  3 wights (D:7)
  2 killer bees (D:8)
  A hound (D:8)
  An orc priest (D:5)
  2 bullfrog skeletons
  A centaur skeleton (D:8)
  An orc wizard (D:8)
  4 worker ants
  A statue (D:8)
  4 adders
  A shadow imp (D:6)
  An adder skeleton (D:8)
  An adder zombie (D:6)
  A worm (D:2)
  A leopard gecko (D:3)
  5 orcs
  A giant cockroach (D:3)
  4 goblins
  3 hobgoblins
  3 jackals (D:6)
  4 kobolds
  4 quokkas
  A bat (D:3)
  A leopard gecko skeleton (D:6)
  A quokka skeleton (D:4)
  A rat (D:3)
57 creatures vanquished.

Notes
Turn   | Place    | Note
-------+----------+-------------------------------------------
     0 | D:1      | Amnesiac the Troll Berserker began the quest for the Orb.
     0 | D:1      | Reached XP level 1. HP: 22/22 MP: 0/0
   151 | D:2      | Reached XP level 2. HP: 29/29 MP: 1/1
   173 | D:2      | Reached XP level 3. HP: 21/36 MP: 2/2
   380 | D:4      | Reached ** piety under Trog
   458 | D:4      | Found a stormy altar of Qazlal.
   460 | D:4      | Found a hazy altar of Hepliaklqana.
   463 | D:4      | Found a snail-covered altar of Cheibriados.
   519 | D:4      | Reached skill level 4 in Unarmed Combat
   519 | D:4      | Reached XP level 4. HP: 15/45 MP: 3/3
   667 | D:5      | Entered Level 5 of the Dungeon
   820 | D:6      | Found a staircase to the Ecumenical Temple.
   851 | D:6      | Reached XP level 5. HP: 49/53 MP: 4/4
   854 | D:6      | Noticed a black bear
   863 | D:6      | Killed a black bear
   863 | D:6      | Reached skill level 5 in Unarmed Combat
   931 | D:6      | Reached XP level 6. HP: 37/61 MP: 5/5
   947 | D:7      | Found an opulent altar of Gozag.
  1100 | D:8      | Reached skill level 6 in Unarmed Combat
  1100 | D:8      | Reached XP level 7. HP: 55/68 MP: 6/6
  1298 | D:8      | Noticed p0werm0de's ghost (novice HECK)
  1307 | D:8      | Killed p0werm0de's ghost
  1307 | D:8      | Reached skill level 7 in Unarmed Combat
  1307 | D:8      | Reached XP level 8. HP: 79/79 MP: 7/7
  1366 | D:8      | Found a shattered altar of Ashenzari.
  1491 | D:8      | Reached skill level 5 in Fighting
  1579 | D:8      | Found a radiant altar of Vehumet.
  1587 | D:8      | Reached skill level 8 in Unarmed Combat
  1777 | D:9      | Noticed a two-headed ogre
  1785 | D:8      | HP: 5/120 [killer bee (2)]
  1785 | D:8      | Killed from afar by an orc priest

Vault maps used:
D:1:      lemuel_arrival_rhombus, minmay_hexomino_f4
D:2:      xom_redecorated, hangedman_decor_diamond_cutter, grunt_ministairs_6,
          uniq_iyjb, uniq_robin, uniq_jessica
D:3:      lemuel_castle_with_subvaults, marbit_many_paths
D:4:      grunt_temple_overflow_open
D:5:      lightli_temple_of_fire, lemuel_crystal_altar, first_bread,
          bloody_trog, uniq_blork_the_orc
D:6:      eat_drink_and_be_merry_uskayaw, minmay_misc_feat_hallway
D:7:      nicolae_gozag_cash_rules_everything_around_me,
          nicolae_ru_sacrificial_ziggurat, minmay_liquid_box,
          minmay_fire_ice_demons, uniq_duvessa
D:8:      evilmike_ruin_ashenzari, vehumet_statue

Skill      XL: |  1  2  3  4  5  6  7  8 |
---------------+-------------------------+-----
Fighting       | 3 4 5 |  5.0
Unarmed Combat | 4 5 6 7 8 |  8.0
Dodging        | 3 4 |  4.9

Action                   |  1- 3 |  4- 6 |  7- 9 || total
-------------------------+-------+-------+-------++-------
Melee: Unarmed           |    77 |    82 |    53 ||   212
       Punch             |     1 |     1 |     3 ||     5
Invok: Berserk           |       |     1 |     2 ||     3
  Eat: Chunk             |     9 |     8 |     5 ||    22
Armor: Animal skin       |    22 |       |       ||    22
       Robe              |     3 |    23 |    19 ||    45
Dodge: Dodged            |    36 |    37 |    31 ||   104
